 Dungeon Crawl Stone Soup version 0.23.0 (webtiles) character file.

Game seed: 11064683199605581832

325 sawburst the Ruffian (level 6, 61/61 HPs)
             Began as a Troll Berserker on Feb 15, 2019.
             Was a Priest of Trog.
             Quit the game on level 4 of the Dungeon.
             The game lasted 00:14:37 (2286 turns).

sawburst the Ruffian (Troll Berserker)              Turns: 2286, Time: 00:14:38

Health: 61/61      AC:  8    Str: 26 (28) XL:     6   Next: 24%
Magic:  5/5        EV: 10    Int:  2 (3)  God:    Trog [***...]
Gold:   151        SH:  0    Dex:  7 (9)  Spells: 5/5 levels left

rFire    . . .     SeeInvis .     - Unarmed
rCold    . . .     Gourm    +   (no shield)
rNeg     . . .     Faith    .   a - +2 animal skin
rPois    .         Spirit   .   (helmet restricted)
rElec    .         Reflect  .   (no cloak)
rCorr    .         Harm     .   (gloves unavailable)
MR       .....                  (boots unavailable)
Stlth    +.........             (no amulet)
HPRegen  0.60/turn              (no ring)
MPRegen  0.09/turn              (no ring)

@: no status effects
A: large, unfitting armour, antennae 1, claws 3, blurry vision 1, fast
metabolism 3, gourmand, sense surroundings 1, regeneration 1, shaggy fur 1,
tough skin 3
a: Berserk, Trog's Hand, Renounce Religion


You were on level 4 of the Dungeon.
You worshipped Trog.
Trog was most pleased with you.
You were not hungry.

You visited 1 branch of the dungeon, and saw 4 of its levels.

You collected 151 gold pieces.

Inventory:

Armour
 a - a +2 animal skin (worn)
Scrolls
 d - a scroll of enchant armour


   Skills:
 + Level 3.1 Fighting
 + Level 3.9 Dodging
 + Level 0.7 Stealth
 + Level 5.1 Unarmed Combat


You had 5 spell levels left.
You didn't know any spells.
Your spell library was empty.

Dungeon Overview and Level Annotations

Branches:
Dungeon (4/15)
 Temple: D:4-7

Altars:
Fedhas
Okawaru
Sif Muna

Annotations:
D:2 Crazy Yiuf


Innate Abilities, Weirdness & Mutations

You are too large for most types of armour.
You have claws for hands.
Your metabolism is lightning-fast.
You like to eat raw meat.
Your natural rate of healing is unusually fast.
You are covered in fur. (AC +1)
You have extremely tough skin. (AC +3)
You have a pair of small antennae on your head.
Scrolls take you a little longer to read.
You passively map a small area around you.


Message History

The floor.
Unknown command.
Quiver which item? (- for none, * to show all) (? for menu, Esc to quit)
Okay, then.
Unknown command.
Quiver which item? (- for none, * to show all) (? for menu, Esc to quit)
You don't have any such object.
Quiver which item? (- for none, * to show all) (? for menu, Esc to quit)
Okay, then.
You aren't carrying any potions.
Unknown command.
Quiver which item? (- for none, * to show all) (? for menu, Esc to quit)
Okay, then.
Quiver which item? (- for none, * to show all) (? for menu, Esc to quit)
Okay, then.
Unknown command.
Unknown command.
Quiver which item? (- for none, * to show all) (? for menu, Esc to quit)
Okay, then.
Are you sure you want to abandon this character and quit the game? (Confirm with "yes".)

, , #.# , , #.#
#.# * #.# , * #.#
,..#####.###### ,
............># , ,
#@############# ,,
#.#...........# *
#.#.########.## *
*
####.#.########.#
,
#............##.#
, * *
#.##.#.#####.##.##
#.##[#.....#.#.(.#
#.##.#####.#.#.###
* #.##.......#.#.#


There were no monsters in sight!

Vanquished Creatures
  Terence (D:2)
  A hound zombie (D:3)
  A hound skeleton (D:3)
  A worker ant zombie (D:3)
  5 gnolls (D:3)
  11 adders
  An adder zombie (D:3)
  An adder skeleton (D:3)
  2 worms (D:3)
  3 dart slugs (D:1)
  3 leopard geckos
  8 orcs
  6 bats
  4 giant cockroaches
  6 goblins
  15 hobgoblins
  3 jackals (D:3)
  5 kobolds
  A ball python (D:1)
  4 frilled lizards
  A giant cockroach zombie (D:3)
  A jackal zombie (D:3)
  8 rats
92 creatures vanquished.

Notes
Turn   | Place    | Note
-------+----------+-------------------------------------------
     0 | D:1      | sawburst the Troll Berserker began the quest for the Orb.
     0 | D:1      | Reached XP level 1. HP: 22/22 MP: 0/0
     0 | D:1      | Noticed a tentacled monstrosity
     4 | D:1      | Noticed an ice dragon
     4 | D:1      | Noticed an ice dragon
     6 | D:1      | Noticed an orb of fire
     9 | D:1      | Noticed a white draconian
    17 | D:1      | Noticed an iron dragon
    70 | D:1      | Noticed a large abomination
    70 | D:1      | Noticed a purple draconian
    72 | D:1      | Noticed an iron dragon
    72 | D:1      | Noticed an iron dragon
    74 | D:1      | Noticed a shadow dragon
    74 | D:1      | Noticed an iron dragon
    76 | D:1      | Noticed a shadow dragon
    78 | D:1      | Noticed a large abomination
    78 | D:1      | Noticed an ice dragon
   211 | D:1      | Gained mutation: Scrolls take you a little longer to read.
                  | [potion of mutation]
   211 | D:1      | Lost mutation: Scrolls take you a little longer to read.
                  | [potion of mutation]
   211 | D:1      | Gained mutation: You occasionally shout uncontrollably at
                  | your foes. [potion of mutation]
   211 | D:1      | Gained mutation: You are robust. (+10% HP) [potion of
                  | mutation]
   214 | D:1      | Lost mutation: You occasionally shout uncontrollably at
                  | your foes. [potion of mutation]
   214 | D:1      | Lost mutation: You are robust. (+10% HP) [potion of
                  | mutation]
   214 | D:1      | Gained mutation: You occasionally shout uncontrollably at
                  | your foes. [potion of mutation]
   214 | D:1      | Gained mutation: You are partially covered in large bone
                  | plates. (SH +4) [potion of mutation]
   268 | D:1      | Reached XP level 2. HP: 29/29 MP: 1/1
  1057 | D:2      | Reached XP level 3. HP: 33/36 MP: 2/2
  1068 | D:2      | Found a blossoming altar of Fedhas.
  1124 | D:2      | Reached ** piety under Trog
  1172 | D:2      | Reached XP level 4. HP: 41/44 MP: 3/3
  1280 | D:2      | Noticed Terence
  1286 | D:2      | Killed Terence
  1286 | D:2      | Reached skill level 4 in Unarmed Combat
  1347 | D:2      | Found a runed translucent door.
  1348 | D:2      | Noticed Crazy Yiuf
  1447 | D:3      | Reached XP level 5. HP: 39/53 MP: 4/4
  1487 | D:3      | Found a faded altar of an unknown god.
  1513 | D:3      | Lost mutation: You occasionally shout uncontrollably at
                  | your foes. [potion of mutation]
  1513 | D:3      | Lost mutation: You are partially covered in large bone
                  | plates. (SH +4) [potion of mutation]
  1513 | D:3      | Gained mutation: You occasionally shout uncontrollably at
                  | your foes. [potion of mutation]
  1513 | D:3      | Gained mutation: You evolve. [potion of mutation]
  1515 | D:3      | Lost mutation: You occasionally shout uncontrollably at
                  | your foes. [potion of mutation]
  1515 | D:3      | Lost mutation: You evolve. [potion of mutation]
  1515 | D:3      | Gained mutation: You passively map a small area around you.
                  | [potion of mutation]
  1515 | D:3      | Gained mutation: Scrolls take you a little longer to read.
                  | [potion of mutation]
  1515 | D:3      | Gained mutation: You have a pair of small antennae on your
                  | head. [potion of mutation]
  1761 | D:3      | Found a deep blue altar of Sif Muna.
  1788 | D:3      | Reached *** piety under Trog
  1810 | D:3      | Reached XP level 6. HP: 12/61 MP: 5/5
  1814 | D:3      | HP: 2/61 [gnoll/+0 halberd (10)]
  1961 | D:3      | Reached skill level 5 in Unarmed Combat
  2081 | D:3      | Found an iron altar of Okawaru.
  2286 | D:4      | Quit the game

Skill      XL: |  1  2  3  4  5  6 |
---------------+-------------------+-----
Dodging        | 3 |  3.9
Fighting       | 3 |  3.1
Unarmed Combat | 4 5 |  5.1
Stealth        | |  0.7

Action                   |  1- 3 |  4- 6 || total
-------------------------+-------+-------++-------
Melee: Unarmed           |    99 |   191 ||   290
       Punch             |       |     7 ||     7
Invok: Berserk           |       |     1 ||     1
  Use: Potion            |     4 |    12 ||    16
       Scroll            |     2 |     5 ||     7
 Stab: Sleeping          |       |     1 ||     1
  Eat: Ration            |     2 |     3 ||     5
       Chunk             |       |     2 ||     2
Armor: Animal skin       |    39 |   107 ||   146
Dodge: Dodged            |    38 |   163 ||   201
Block: Other             |    18 |    15 ||    33
